 Dungeon Crawl Stone Soup version 0.28-a0-915-gcd63401287 (webtiles) character file.

Game seed: 17029532231943133980

110 funkygono the Covered (level 4, 0/29 HPs)
             Began as a Gargoyle Fighter on Nov 25, 2021.
             Slain by Pargi (7 damage)
             ... in a sewer.
             The game lasted 00:05:15 (2221 turns).

funkygono the Covered (Gargoyle Fighter)            Turns: 2221, Time: 00:05:16

Health: 0/29       AC: 13    Str: 20 (21) XL:     4   Next: 91%
Magic:  4/4        EV:  7    Int:  7 (8)  God:
Gold:   163        SH:  4    Dex:  8 (9)  Spells: 3/3 levels left

rFire   . . .      SeeInvis .   a - +0 flail
rCold   . . .      Faith    .   c - +0 buckler
rNeg    + . .      Spirit   .   k - +0 chain mail
rPois   ∞          Reflect  .   (no helmet)
rElec   +          Harm     .   (no cloak)
rCorr   .          Rampage  .   (no gloves)
Will    .....                   (no boots)
Stlth   ..........              (no amulet)
HPRegen 0.09/turn               l - ring of wizardry
MPRegen 0.09/turn               (no ring)

@: mighty, attractive, hasted, very quick
A: sickness immunity, AC +3, negative energy resistance 1, electricity
resistance, torment resistance 1, petrification resistance
a: no special abilities


You were in a sewer.
You visited 1 branch of the dungeon, and saw 3 of its levels.
You also visited: Sewer.

You collected 163 gold pieces.

Inventory:

Hand Weapons
 a - a +0 flail (weapon)
Missiles
 h - 52 stones (quivered)
Armour
 b - a +0 scale mail
 c - a +0 buckler (worn)
 k - a +0 chain mail (worn)
Jewellery
 l - a ring of wizardry (left hand)
Scrolls
 e - a scroll of identify
 g - a scroll of teleportation {unknown}
 j - 3 scrolls of blinking {unknown}
Potions
 f - a potion of mutation


   Skills:
 + Level 3.8 Fighting
 + Level 3.5 Maces & Flails
 + Level 4.0 Armour
 + Level 0.3 Dodging
 + Level 3.8 Shields


You had 3 spell levels left.
You didn't know any spells.
Your spell library contained the following spells:

 Spells                   Type           Power      Damage    Failure   Level
 Corpse Rot               Necr/Air       0%         N/A       94%         2
 Poisonous Vapours        Pois/Air       0%         N/A       94%         2


Dungeon Overview and Level Annotations

Branches:
Dungeon (3/15)              Sewer (1/1)

Altars:

Shops:
D:1 *[?

Annotations:
Sewer Pargi


Innate Abilities, Weirdness & Mutations

You are immune to sickness and miasma.
Your stone body is resilient. (AC +3)
You are immune to poison.
You resist negative energy. (rN+)
You are resistant to electric shocks. (rElec)
You are resistant to unholy torment.
You are immune to petrification.


Message History

Pargi barely misses you. Pargi claws you but does no damage.
You sock Pargi!
Pargi is moderately wounded.
Pargi bites you. Pargi claws you but does no damage. Pargi claws you.
You barely miss Pargi.
Pargi is moderately wounded.
Pargi barely misses you. Pargi claws you. Pargi claws you but does no damage.
You barely miss Pargi.
Pargi is lightly wounded.
Pargi bites you. Pargi claws you but does no damage. x2
You sock Pargi!
Pargi is heavily wounded.
Pargi barely misses you. You block Pargi's attack. Pargi claws you.
You closely miss Pargi.
Pargi is heavily wounded.
Pargi bites you. Pargi barely misses you. Pargi claws you but does no damage.
Pargi closely misses you. Pargi claws you but does no damage. Pargi claws you.
You closely miss Pargi.
Pargi is moderately wounded.
Pargi snarls, "Go!
Away!"
Pargi bites you.
* * * LOW HITPOINT WARNING * * *
Pargi claws you but does no damage. Pargi claws you.
* * * LOW HITPOINT WARNING * * *
It was a potion of degeneration.
There was something very wrong with that liquid.
You feel weakened.
You feel dopey.
You feel clumsy. Pargi bites you.
* * * LOW HITPOINT WARNING * * *
Pargi claws you but does no damage. x2
It was a potion of attraction.
You feel attractive to monsters. Pargi bites you but does no damage.
Pargi barely misses you. Pargi claws you but does no damage.
It was a potion of haste.
You feel yourself speed up. Pargi barely misses you. x2
Pargi claws you but does no damage.
You hit Pargi.
Pargi is moderately wounded.
Pargi bites you!
You die...

....... .....
..... ... ...
####### #.#
##.....## #T#
#...≈...## #@#
.†.≈≈≈...#######.#
††≈≈≈≈≈..........#
...≈≈≈...#######.#
#...≈...## #.#
##.....## #.#
####### #.# #.#
#.#


You could see Pargi.

Vanquished Creatures
  4 adders (D:2)
  A worm (D:3)
  A dart slug (D:2)
  An orc (D:3)
  4 ball pythons
  12 bats
  6 endoplasms
  7 giant cockroaches
  5 goblins
  8 hobgoblins
  3 quokkas
  2 frilled lizards
  5 kobolds
  3 rats
62 creatures vanquished.

Notes
Turn   | Place    | Note
-------+----------+-------------------------------------------
     0 | D:1      | funkygono the Gargoyle Fighter began the quest for the Orb.
     0 | D:1      | Reached XP level 1. HP: 14/14 MP: 1/1
     8 | D:1      | Found Fetoefup's General Store.
   135 | D:1      | Reached XP level 2. HP: 19/19 MP: 2/2
   614 | D:1      | Reached XP level 3. HP: 20/23 MP: 3/3
   884 | D:1      | Found Zioskon's Magic Scroll Shop.
   897 | D:1      | Found Syjow's Antique Armour Boutique.
   945 | D:2      | Found a faded altar of an unknown god.
  1430 | D:2      | Reached XP level 4. HP: 25/29 MP: 4/4
  2097 | D:3      | Found a glowing drain.
  2112 | D:3      | Reached skill level 4 in Armour
  2163 | Sewer    | Entered a sewer
  2204 | Sewer    | Noticed Pargi
  2221 | Sewer    | Slain by Pargi

Illustrated notes

Levels and vault maps discovered:
D:1:      dpeg_arrival_orchard, layout_basic, serial_shops,
          nicolae_shop_crystal, nicolae_shop_advertising_works
          [nicolae_subvault_shop_adworks], shop_coins, minivault_25,
          minivault_27, minmay_misc_feat_rugged
D:2:      layout_loops_cross, hellmonk_ecumenical_altar_heavens_door
D:3:      layout_rooms, nicolae_ru_great_annihilating_truth,
          cheibrodos_sewer_entry_drain, ebering_ghost_gozag
Sewer:    sewer_big_baddie

Skill      XL: |  1  2  3  4 |
---------------+-------------+-----
Maces & Flails | 3 |  3.5
Armour         | 4 |  4.0
Fighting       | |  3.8
Dodging        | |  0.3
Shields        | |  3.8

Action                   |  1- 3 |  4- 6 || total
-------------------------+-------+-------++-------
Melee: Flail             |   141 |   102 ||   243
  Use: Scroll            |     1 |       ||     1
       Potion            |       |     4 ||     4
Armor: Scale mail        |    92 |       ||    92
       Chain mail        |    10 |    90 ||   100
Dodge: Dodged            |    75 |    48 ||   123
Block: Buckler           |    23 |    30 ||    53

Table legend: (Time is in decaauts)
 A = Elapsed time spent in this place.
 B = Non-inter-level travel time spent in this place.
 C = Inter-level travel time spent in this place.
 D = Time resting spent in this place.
 E = Time spent auto-exploring this place.
 F = Levels seen in this place.
 G = Mean time per level.
                   A        B        C        D        E       F      G
               +--------+--------+--------+--------+--------+-----+--------+
         Total |   2290 |   2189 |    101 |     29 |   1497 |   4 |  572.5 |
       Dungeon |   2227 |   2126 |    101 |     29 |   1481 |   3 |  742.3 |
         Sewer |     63 |     63 |      0 |      0 |     16 |   1 |   63.0 |
               +--------+--------+--------+--------+--------+-----+--------+

Top non-repeatable levels by time:
     D:2: 1067 daAuts
     D:1: 969 daAuts
     D:3: 190 daAuts
   Sewer: 63 daAuts
